 Dungeon Crawl Stone Soup version 0.29-a0-668-g12ee2bf84d (webtiles) character file.

Game seed: 15258027967979582231

619 hquester1 the Skirmisher (level 7, 0/61 HPs)
             Began as a Minotaur Fighter on June 23, 2022.
             Slain by a water moccasin (6 damage)
             ... on level 5 of the Dungeon.
             The game lasted 00:08:27 (3942 turns).

hquester1 the Skirmisher (Minotaur Fighter)         Turns: 3942, Time: 00:08:30

Health: 0/61       AC:  7    Str: 20    XL:     7   Next: 21%
Magic:  6/6        EV: 11    Int:  5    God:
Gold:   272        SH:  6    Dex: 18    Spells: 6/6 levels left

rFire   . . .      SeeInvis .   a - +0 flail
rCold   . . .      Faith    .   c - +0 buckler
rNeg    . . .      Spirit   .   b - +0 scale mail
rPois   .          Reflect  .   (helmet restricted)
rElec   .          Harm     .   (no cloak)
rCorr   .          Rampage  .   (no gloves)
Will    .....                   (no boots)
Stlth   ..........              (no amulet)
HPRegen 0.20/turn               r - ring of flight
MPRegen 0.10/turn               f - +6 ring of dexterity

@: lethally poisoned (0 -> -11), flying
A: horns 2, retaliatory headbutt
a: no special abilities


You were on level 5 of the Dungeon.
You visited 1 branch of the dungeon, and saw 5 of its levels.

You collected 272 gold pieces.

Inventory:

Hand Weapons
 a - a +0 flail (weapon)
 v - a +0 hand axe
Armour
 b - a +0 scale mail (worn)
 c - a +0 buckler (worn)
Jewellery
 f - a +6 ring of dexterity (right hand)
 r - a ring of flight (left hand)
 x - a ring of magical power
Wands
 n - a wand of polymorph (5)
 t - a wand of acid (5)
Scrolls
 e - a scroll of magic mapping {unknown}
 g - 3 scrolls of fog
 i - 4 scrolls of vulnerability {unknown}
 k - a scroll of silence {unknown}
 o - 2 scrolls of enchant weapon {unknown}
 s - a scroll of blinking {unknown}
 u - a scroll of immolation {unknown}
 y - a scroll of fear {unknown}
 B - a scroll of amnesia {unknown}
Potions
 d - a potion of might
 h - 3 potions of heal wounds
 j - a potion of attraction {unknown}
 l - 4 potions of brilliance
 m - 2 potions of magic
 p - a potion of cancellation {unknown}
 q - 4 potions of flight
 w - a potion of curing
 z - a potion of experience {unknown}
 A - a potion of haste {unknown}


   Skills:
 + Level 5.5 Fighting
 + Level 4.8 Maces & Flails
 + Level 5.4 Armour
 + Level 3.5 Dodging
 + Level 5.5 Shields


You had 6 spell levels left.
You didn't know any spells.
Your spell library contained the following spells:

 Spells                   Type           Power      Damage    Failure   Level
 Magic Dart               Conj           0%         1d3       88%         1
 Necrotize                Necr           0%         1d4       88%         1
 Shock                    Conj/Air       0%         1d3       88%         1
 Searing Ray              Conj           0%         2d4       95%         2
 Dazzling Flash           Conj/Hex       0%         N/A       99%         3
 Gell's Gravitas          Tloc           0%         N/A       99%         3
 Lesser Beckoning         Tloc           0%         N/A       99%         3
 Swiftness                Air            0%         N/A       99%         3
 Teleport Other           Tloc           0%         N/A       99%         3
 Airstrike                Air            0%         N/A       100%        4
 Fulminant Prism          Conj/Hex       0%         3d6       100%        4
 Iskenderun's Mystic Bla  Conj/Tloc      0%         2d3       100%        4
 Starburst                Conj/Fire      0%         6d3       100%        6
 Malign Gateway           Summ/Tloc      0%         N/A       100%        7
 Summon Horrible Things   Summ           0%         N/A       100%        8


Dungeon Overview and Level Annotations

Branches:
Dungeon (5/15)
 Temple: D:4-7

Altars:
Cheibriados
Gozag
Hepliaklqana
Sif Muna
Yredelemnul
Zin

Shops:
D:1 [   D:2 ?


Innate Abilities, Weirdness & Mutations

You have a pair of horns on your head.
You reflexively headbutt those who attack you in melee.


Message History

You feel sick.
The water moccasin bites you but does no damage.
The water moccasin barely misses you.
You hit the water moccasin.
The water moccasin is lightly wounded.
You feel sick. The water moccasin bites you.
You are more poisoned.
The water moccasin poisons you!
You closely miss the water moccasin.
The water moccasin is lightly wounded.
You feel very sick. You block the water moccasin's attack.
The water moccasin bites you.
You closely miss the water moccasin. You headbutt the water moccasin.
The water moccasin is moderately wounded.
You feel very sick. You block the water moccasin's attack.
The water moccasin closely misses you.
You thump the water moccasin!
The water moccasin is severely wounded.
You feel sick. You block the water moccasin's attack.
You barely miss the water moccasin.
The water moccasin is severely wounded.
You feel sick. The water moccasin bites you.
* * * LOW HITPOINT WARNING * * *
The water moccasin misses you.
You closely miss the water moccasin.
The water moccasin is severely wounded.
You feel sick. The water moccasin bites you!
* * * LOW HITPOINT WARNING * * *
You block the water moccasin's attack.
You feel better. The water moccasin misses you.
You closely miss the water moccasin.
The water moccasin is severely wounded.
The water moccasin barely misses you. You block the water moccasin's attack.
You closely miss the water moccasin. You headbutt the water moccasin!
The water moccasin is almost dead.
The water moccasin bites you.
* * * LOW HITPOINT WARNING * * *
You are lethally poisoned!
The water moccasin poisons you! The water moccasin bites you.
You die...

#.......####### .#.
#.............. .#.
##.............# ## ..
.....#.#.#####.# ... #.
##...#.#.# ...##.###...#.#.#
..........#.#.# #..
#..##S.#....#.#.# #..
#....)@.......#.# #..##
##.####.##.####.#####.. ....
#.##.#........... ##..# #.#
#.##[#.##.######. ....#.# #.#
#.##.#.##)# ###.#.# #.#
#.##.#.##.# #)#.#
###.###.#.#.#.##.# #.#.#
#......###..#.##.#####
###.#.####(......#...#.##.#...


You could see a water moccasin.

Vanquished Creatures
  A black bear (D:5)
  An ogre (D:5)
  A scorpion (D:5)
  2 bullfrog zombies (D:4)
  A hound (D:4)
  An iguana (D:5)
  2 orc wizards (D:3)
  A scorpion zombie (D:4)
  Robin (D:2)
  7 adders
  An adder zombie (D:4)
  2 worms
  2 dart slugs (D:3)
  10 orcs
  5 ball pythons
  5 endoplasms
  2 giant cockroaches (D:3)
  6 hobgoblins
  8 jackals
  4 quokkas
  5 bats
  3 frilled lizards
  11 goblins
  5 kobolds
  4 rats
91 creatures vanquished.

Notes
Turn   | Place    | Note
-------+----------+-------------------------------------------
     0 | D:1      | hquester1 the Minotaur Fighter began the quest for the Orb.
     0 | D:1      | Reached XP level 1. HP: 19/19 MP: 0/0
   174 | D:1      | Found a faded altar of an unknown god.
   374 | D:1      | Reached XP level 2. HP: 21/27 MP: 1/1
   696 | D:1      | Found Zigrah's Armour Shop.
   751 | D:2      | Noticed Robin
   768 | D:2      | Reached skill level 1 in Dodging
   775 | D:2      | Killed Robin
   776 | D:2      | Reached XP level 3. HP: 15/33 MP: 2/2
  1555 | D:2      | Found Qopof's Magic Scroll Shop.
  1970 | D:3      | Reached XP level 4. HP: 40/40 MP: 3/3
  2524 | D:3      | Found a shimmering blue altar of Sif Muna.
  2553 | D:3      | Found a hazy altar of Hepliaklqana.
  2554 | D:3      | Found a faded altar of an unknown god.
  2647 | D:3      | Reached XP level 5. HP: 31/47 MP: 4/4
  2650 | D:3      | Got Sif Muna's Reference Book on Unholy Rituals
  3083 | D:4      | Found a snail-covered altar of Cheibriados.
  3242 | D:4      | Found a basalt altar of Yredelemnul.
  3249 | D:4      | Reached XP level 6. HP: 37/55 MP: 5/5
  3431 | D:4      | Reached skill level 5 in Fighting
  3465 | D:4      | Reached skill level 5 in Shields
  3498 | D:4      | Found an opulent altar of Gozag.
  3498 | D:4      | Found a glowing silver altar of Zin.
  3713 | D:5      | Entered Level 5 of the Dungeon
  3719 | D:5      | Reached skill level 5 in Armour
  3837 | D:5      | Reached XP level 7. HP: 48/61 MP: 6/6
  3942 | D:5      | Slain by a water moccasin

Illustrated notes

Levels and vault maps discovered:
D:1:      lightli_arrival_isolated_outpost, layout_loops_ring,
          basic_ecumenical_altar, serial_shops, shop
D:2:      cheibrodos_helix_gallery, layout_basic, serial_glass, glass_columns_a,
          glass_columns_a, serial_shops, shop, grunt_decor_clamped, uniq_robin
D:3:      minmay_razor_zed, layout_basic, led_sif_book,
          beargit_hepliaklqana_dungeon_heroes
D:4:      layout_gridville, grunt_temple_overflow_gold_and_silver,
          nicolae_yredelemnul_corpse_copse, mainiacjoe_overflow_cross_hatched
D:5:      layout_loops_ring, serial_shops, nicolae_shop_hallway_stairs, shop,
          shop, uniq_eustachio, uniq_pikel

Skill      XL: |  1  2  3  4  5  6 |
---------------+-------------------+-----
Dodging        | 1 2 3 |  3.5
Fighting       | 4 5 |  5.5
Armour         | 4 5 |  5.4
Shields        | 4 5 |  5.5
Maces & Flails | 3 4 |  4.8

Action                   |  1- 3 |  4- 6 |  7- 9 || total
-------------------------+-------+-------+-------++-------
Melee: Flail             |   104 |   126 |    14 ||   244
       Headbutt          |    20 |    27 |     2 ||    49
  Use: Scroll            |       |     7 |       ||     7
       Potion            |       |       |     1 ||     1
Armor: Scale mail        |    51 |    50 |     1 ||   102
Dodge: Dodged            |    52 |    63 |    10 ||   125
Block: Buckler           |    22 |    33 |     6 ||    61

Table legend: (Time is in decaauts)
 A = Elapsed time spent in this place.
 B = Non-inter-level travel time spent in this place.
 C = Inter-level travel time spent in this place.
 D = Time resting spent in this place.
 E = Time spent auto-exploring this place.
 F = Levels seen in this place.
 G = Mean time per level.
                   A        B        C        D        E       F      G
               +--------+--------+--------+--------+--------+-----+--------+
         Total |   4010 |   3884 |    126 |      0 |   3111 |   5 |  802.0 |
       Dungeon |   4010 |   3884 |    126 |      0 |   3111 |   5 |  802.0 |
               +--------+--------+--------+--------+--------+-----+--------+

Top non-repeatable levels by time:
     D:2: 1204 daAuts
     D:3: 1127 daAuts
     D:1: 764 daAuts
     D:4: 679 daAuts
     D:5: 235 daAuts
